 Dungeon Crawl Stone Soup version 0.21.1-1-g345015fe64 (webtiles) character file.

64 Kejsarherre the Cudgeler (level 3, -2/28 HPs)
             Began as a Demonspawn Gladiator on May 10, 2018.
             Slain by a crocodile (13 damage)
             ... in a sewer.
             The game lasted 00:02:01 (1314 turns).

Kejsarherre the Cudgeler (Demonspawn Gladiator)     Turns: 1314, Time: 00:02:02

Health: -2/28      AC:  6    Str: 14    XL:     3   Next: 91%
Magic:  3/3        EV: 12    Int: 10    God:
Gold:   80         SH:  0    Dex: 14    Spells: 2/2 levels left

rFire    . . .     SeeInvis .   a - +0 flail
rCold    . . .     Gourm    .   (no shield)
rNeg     . . .     Faith    .   j - +0 ring mail
rPois    .         Spirit   .   c - +0 helmet
rElec    .         Reflect  .   (no cloak)
rCorr    .         Harm     .   (no gloves)
MR       .....                  (no boots)
Stlth    ..........             (no amulet)
HPRegen  0.09/turn              (no ring)
MPRegen  0.08/turn              (no ring)

@: no status effects
A: hooves 1, spiny 1
a: no special abilities


You were in a sewer.
You were not hungry.

You visited 1 branch of the dungeon, and saw 3 of its levels.
You also visited: Sewer.

You collected 80 gold pieces.

Inventory:

Hand Weapons
 a - a +0 flail (weapon)
 b - a +0 blowgun
Missiles
 p - 10 poisoned needles
Armour
 c - a +0 helmet (worn)
 j - a +0 ring mail (worn)
 o - a +0 leather armour
Jewellery
 m - an uncursed ring of positive energy {unknown}
 n - a cursed amulet of inaccuracy {unknown}
Scrolls
 k - a scroll of identify {unknown}
 r - a scroll of blinking {unknown}
Potions
 e - 2 potions of lignification {unknown}
 g - a potion of ambrosia {unknown}
 h - a potion of berserk rage {unknown}
 i - a potion of might {unknown}
 l - 2 potions of brilliance {unknown}
 q - a potion of invisibility {unknown}
 s - a potion of flight {unknown}
Comestibles
 f - 5 rations


   Skills:
 * Level 2.9 Fighting
 * Level 3.3 Maces & Flails
 - Level 1.7 Throwing
 + Level 1.1 Armour
 + Level 3.0 Dodging


You had 2 spell levels left.
You didn't know any spells.

Dungeon Overview and Level Annotations

Branches:
Dungeon (3/15)

Altars:


Innate Abilities, Weirdness & Mutations

You have large cloven feet.
You are partially covered in sharp spines.


Message History

Throwing (i - inventory):
d - a throwing net (quivered)
Press: ? - help, Shift-Dir - straight line, f/p - crocodile
Aim: a crocodile (heavily wounded, poisoned)
You throw a throwing net. The throwing net hits the crocodile.
The crocodile is caught in the net!
The crocodile is heavily wounded.
The crocodile struggles against the net.
The crocodile struggles against the net.
You hit the crocodile but do no damage.
You kick the crocodile, but do no damage.
The crocodile is heavily wounded.
The crocodile struggles against the net. x2
You hit the crocodile but do no damage.
The crocodile is severely wounded.
The crocodile struggles against the net.
The net rips apart, and the crocodile comes free!
You closely miss the crocodile. Your kick misses the crocodile.
The crocodile is severely wounded.
The crocodile bites you!
You die...

#..≈.≈##
#..≈#≈≈.#
#..###..##
#.≈≈ #≈≈.#
#.≈# ##≈.#
#.≈ #..#
#≈.# ##.≈#
#≈@.# #.
##.t##
#...#...#
#...≈(##
#≈≈.≈(#
##≈..##
#≈≈≈ $≈#≈#
#$?#.


You could see a crocodile.

Vanquished Creatures
  An adder (D:2)
  A dart slug (D:1)
  2 leopard geckos
  2 ball pythons
  7 bats
  A giant cockroach (D:1)
  5 goblins
  4 hobgoblins
  2 jackals (Sewer)
  4 frilled lizards
  10 kobolds
  11 rats
50 creatures vanquished.

Notes
Turn   | Place    | Note
-------+----------+-------------------------------------------
     0 | D:1      | Kejsarherre the Demonspawn Gladiator began the quest for the Orb.
     0 | D:1      | Reached XP level 1. HP: 16/16 MP: 1/1
   112 | D:1      | Gained mutation: You are partially covered in sharp spines. [demonic ancestry]
   112 | D:1      | Reached XP level 2. HP: 22/22 MP: 2/2
   792 | D:1      | Gained mutation: You have large cloven feet. [demonic ancestry]
   792 | D:1      | Reached XP level 3. HP: 27/28 MP: 3/3
  1023 | D:2      | Reached skill level 1 in Armour
  1214 | D:3      | Found a glowing drain.
  1228 | Sewer    | Entered a sewer
  1292 | Sewer    | Noticed a crocodile
  1314 | Sewer    | Slain by a crocodile

Skill      XL: |  1  2  3 |
---------------+----------+-----
Maces & Flails | 3 |  3.3
Armour         | 1 |  1.1
Dodging        | 3 |  3.0
Fighting       | |  2.9
Throwing       | |  1.7

Action                   || total
-------------------------++-------
Melee: Flail             ||    90
       Kick              ||    10
 Fire: Blowgun           ||     4
Throw: Throwing net      ||     3
 Stab: Sleeping          ||     1
  Eat: Chunk             ||     1
Armor: Leather armour    ||    12
       Ring mail         ||    17
Dodge: Dodged            ||    64
